 Dungeon Crawl Stone Soup version 0.30-a0-141-g30f27751c5 (webtiles) character file.

Game seed: 12341525290805921308

101 qw the Chopper (level 4, -2/28 HPs)
             Began as a Gargoyle Fighter on Sept 25, 2022.
             Killed from afar by Ijyb (7 damage)
             ... with a bolt of light
             ... on level 3 of the Dungeon.
             The game lasted 00:00:44 (1819 turns).

qw the Chopper (Gargoyle Fighter)                   Turns: 1819, Time: 00:00:44

Health: -2/28      AC: 13    Str: 22    XL:     4   Next: 75%
Magic:  4/4        EV:  7    Int:  8    God:
Gold:   123        SH:  0    Dex:  9    Spells: 3/3 levels left

rFire   . . .      SeeInvis .    Y - +1 war axe
rCold   . . .      Faith    .    c - +0 buckler
rNeg    + . .      Spirit   .    g - +0 chain mail
rPois   inf        Reflect  .    (no helmet)
rElec   +          Harm     .    (no cloak)
rCorr   .          Rampage  .    (no gloves)
Will    .....                    k - +0 pair of boots
Stlth   ..........               (no amulet)
HPRegen 0.09/turn                (no ring)
MPRegen 0.09/turn                (no ring)

@: confused, about to teleport
A: sickness immunity, AC +3, negative energy resistance 1, electricity
resistance, torment resistance 1, petrification resistance
a: no special abilities


You were on level 3 of the Dungeon.
You visited 1 branch of the dungeon, and saw 3 of its levels.

You collected 123 gold pieces.


Innate Abilities, Weirdness & Mutations

You are immune to sickness and miasma.
Your stone body is resilient. (AC +3)
You are immune to poison.
You resist negative energy. (rN+)
You are resistant to electric shocks. (rElec)
You are resistant to unholy torment.
You are immune to petrification.


   Skills:
 - Level 3.2 Fighting
 + Level 4.0 Axes
 - Level 1.3 Throwing
 - Level 3.2 Armour
 - Level 3.2 Shields


You had 3 spell levels left.
You didn't know any spells.
Your spell library was empty.

Inventory:

Hand Weapons
 l - a +0 flail
 Y - a +1 war axe (weapon)
Missiles
 b - 2 silver javelins (quivered)
Armour
 c - a +0 buckler (worn)
 g - a +0 chain mail (worn)
 k - a +0 pair of boots (worn)
Scrolls
 a - 2 scrolls of teleportation
 h - a scroll of identify {unknown}
Potions
 d - a potion of might
 e - 2 potions of heal wounds
 f - a potion of degeneration {unknown}
 i - a potion of resistance
 j - a potion of invisibility {unknown}

Dungeon Overview and Level Annotations

Branches:
Dungeon (3/15)

Altars:

Annotations:
D:3 Ijyb


Message History

You slash the adder!
You kill the adder!
Your Axes skill increases to level 4!
You start resting.
A frilled lizard comes into view.
1763 ||| Stepping ~*~*~tactically~*~*~ (stealth).
You see here an adder corpse.
You start resting.
HP restored.
b - a silver javelin You see here a ball python corpse.
b - 2 silver javelins (gained 1)
A worm comes into view.
1791 ||| Stepping ~*~*~tactically~*~*~ (stealth).
1792 ||| Stepping ~*~*~tactically~*~*~ (stealth).
Throw: 2 javelins (silver)
Press: ? - help, Q - select action Shift-Dir - straight line, f - worm You throw a silver javelin.
The silver javelin pierces through the worm!
The worm is severely wounded.
Throw: javelin (silver)
Press: ? - help, Q - select action Shift-Dir - straight line, f/p - worm You throw a silver javelin.
The silver javelin pierces through the worm!
You kill the worm!
b - a silver javelin
b - 2 silver javelins (gained 1)
h - a scroll labelled KECOMM BA JYPA
Enter note: Ijyb is nearby!
Ijyb shouts!
Ijyb zaps a wand.
The bolt of light hits you!
Ouch! That really hurt!
Ijyb zaps a wand.
The bolt of light hits you!
1819 ||| READING 3 scrolls of teleportation.
As you read the scroll of teleportation, it crumbles to dust.
You feel strangely unstable.
Ijyb zaps a wand.
The bolt of light hits you!
You are confused.
You die...

#.............+.#
..
#.............#.#
#.............#.#
#...............#
#...............#
#...............#
########........#
#........#
#.....@..#
#.........g...
#.............
#........##.#.
#........# #
#........#
########.# ..


You could see Ijyb.

Vanquished Creatures
  2 adders
  3 gnolls (D:2)
  2 worms
  2 dart slugs (D:1)
  6 ball pythons
  5 bats (D:2)
  2 endoplasms
  3 giant cockroaches (D:1)
  3 goblins
  5 hobgoblins
  2 quokkas
  2 frilled lizards (D:2)
  2 kobolds (D:2)
  5 rats
44 creatures vanquished.

Notes
Turn   | Place    | Note
-------+----------+-------------------------------------------
     0 | D:1      | qw the Gargoyle Fighter began the quest for the Orb.
     0 | D:1      | Reached XP level 1. HP: 14/14 MP: 1/1
     0 | D:1      | 0 ||| qw: Version: 0.2-a-9-ge00f85e
     0 | D:1      | 0 ||| qw: Game counter: 93
     0 | D:1      | 0 ||| qw: Always use a shield: true
     0 | D:1      | 0 ||| qw: God list: Okawaru
     0 | D:1      | 0 ||| qw: Allow faded altars: false
     0 | D:1      | 0 ||| qw: Do Orc after D:15 true
     0 | D:1      | 0 ||| qw: Do second Lair branch before Depths: true
     0 | D:1      | 0 ||| qw: Lair rune preference: random
     0 | D:1      | 0 ||| qw: Plans: Normal, Zot:1-4, God:TSO, Crypt, Tomb,
                  | Pan, Slime:5, Hells, Abyss, Orb
     0 | D:1      | 0 ||| PLANNING D:1-11
    23 | D:1      | Reached skill level 2 in Axes
   114 | D:1      | 114 ||| Stepping ~*~*~tactically~*~*~ (hiding).
   116 | D:1      | 116 ||| Stepping ~*~*~tactically~*~*~ (hiding).
   123 | D:1      | Reached XP level 2. HP: 19/19 MP: 2/2
   295 | D:1      | Found a faded altar of an unknown god.
   577 | D:1      | Reached skill level 3 in Axes
   723 | D:1      | 723 ||| UPGRADING to +0 chain mail.
   733 | D:1      | 733 ||| DROPPING +0 scale mail.
   734 | D:1      | 734 ||| DROPPING amulet of magic regeneration.
   735 | D:1      | 735 ||| READING 2 scrolls labelled YTEWEX HIPE.
   736 | D:1      | 736 ||| READING scroll labelled UTOTACIECK.
   737 | D:1      | 737 ||| READING scroll labelled RECENGUITT.
   741 | D:1      | 741 ||| DRINKING 2 emerald potions.
   742 | D:1      | 742 ||| DRINKING 2 sedimented amethyst potions.
   743 | D:1      | 743 ||| DROPPING scroll of summoning.
   776 | D:2      | Reached XP level 3. HP: 23/23 MP: 3/3
   828 | D:2      | 828 ||| FLEEEEING.
   829 | D:2      | 829 ||| FLEEEEING.
   839 | D:2      | 839 ||| STAIRDANCE
  1146 | D:2      | 1146 ||| Stepping ~*~*~tactically~*~*~ (stealth).
  1147 | D:2      | 1147 ||| Stepping ~*~*~tactically~*~*~ (stealth).
  1420 | D:2      | Reached skill level 1 in Throwing
  1420 | D:2      | Reached XP level 4. HP: 28/28 MP: 4/4
  1425 | D:2      | 1425 ||| Stepping ~*~*~tactically~*~*~ (stealth).
  1427 | D:2      | 1427 ||| Stepping ~*~*~tactically~*~*~ (stealth).
  1463 | D:2      | 1463 ||| STAIRDANCE
  1548 | D:1      | 1548 ||| DROPPING +0 mace.
  1549 | D:1      | 1549 ||| UPGRADING to +0 pair of boots.
  1554 | D:1      | 1554 ||| READING scroll labelled JEOXUXZEFU.
  1555 | D:1      | 1555 ||| READING scroll labelled HOTSAA UPHUSIST.
  1690 | D:3      | 1690 ||| STAIRDANCE
  1735 | D:3      | Noticed Ijyb
  1736 | D:3      | 1736 ||| Stepping ~*~*~tactically~*~*~ (stealth).
  1741 | D:3      | 1741 ||| Stepping ~*~*~tactically~*~*~ (stealth).
  1742 | D:3      | 1742 ||| Stepping ~*~*~tactically~*~*~ (stealth).
  1758 | D:3      | Reached skill level 4 in Axes
  1763 | D:3      | 1763 ||| Stepping ~*~*~tactically~*~*~ (stealth).
  1791 | D:3      | 1791 ||| Stepping ~*~*~tactically~*~*~ (stealth).
  1792 | D:3      | 1792 ||| Stepping ~*~*~tactically~*~*~ (stealth).
  1818 | D:3      | HP: 4/28 [Ijyb/bolt of light (8)]
  1819 | D:3      | 1819 ||| READING 3 scrolls of teleportation.
  1819 | D:3      | Killed from afar by Ijyb

Levels and vault maps discovered:
D:1:      dpeg_arrival_shrine, layout_rooms, dreamdust_ecumenical_altar_grove
D:2:      layout_loops_ring
D:3:      layout_basic, nicolae_overflow_ecumenical_swirl, uniq_ijyb

Skill      XL: |  1  2  3  4 |
---------------+-------------+-----
Axes           | 2 3 4 |  4.0
Throwing       | 1 |  1.3
Fighting       | |  3.2
Armour         | |  3.2
Shields        | |  3.2

Action                   |  1- 3 |  4- 6 || total
-------------------------+-------+-------++-------
Melee: War axe           |    92 |    15 ||   107
Throw: Javelin           |    13 |     6 ||    19
  Use: Scroll            |     3 |     3 ||     6
       Potion            |     2 |       ||     2
Armor: Scale mail        |    19 |       ||    19
       Chain mail        |    28 |     4 ||    32
Dodge: Dodged            |    32 |     2 ||    34
Block: Buckler           |    24 |     1 ||    25

Table legend:
 A = Non-vault XP
 B = Vault XP
 C = Vault XP percentage of total XP
 D = Non-vault monster count
 E = Vault monster count
 F = Vault count percentage of total count
                 A         B        C        D         E       F
            +---------+---------+-------+---------+---------+-------
      Total |     145 |       0 |   0.0 |      44 |       0 |   0.0
            +---------+---------+-------+---------+---------+-------
        D:1 |      30 |       0 |   0.0 |      15 |       0 |   0.0
        D:2 |      90 |       0 |   0.0 |      23 |       0 |   0.0
        D:3 |      25 |       0 |   0.0 |       6 |       0 |   0.0
            +---------+---------+-------+---------+---------+-------
